 Dungeon Crawl Stone Soup version 0.26-a0-30-g56b8cd3df0 (webtiles) character file.

Game seed: 9149567349508042897, levelgen mode: deterministic

490 Lanoc the Cudgeler (level 7, 0/82 HPs)
             Began as a Formicid Chaos Knight on May 30, 2020.
             Was a Plaything of Xom.
             Slain by an ogre
             ... wielding a +0 giant club
              (10 damage)
             ... on level 4 of the Dungeon.
             The game lasted 00:04:56 (3006 turns).

Lanoc the Cudgeler (Formicid Chaos Knight)          Turns: 3006, Time: 00:04:56

Health: 0/82       AC: 23    Str: 16    XL:     7   Next: 36%
Magic:  7/7        EV:  2    Int: 10    God:    Xom [..*...]
Gold:   116        SH:  8    Dex: 12    Spells: 6/6 levels left

rFire    . . .     SeeInvis .   a - +0 mace (chaos)
rCold    . . .     Gourm    .   t - +0 kite shield
rNeg     + + +     Faith    .   (armour currently unavailable)
rPois    +         Spirit   .   (helmet unavailable)
rElec    .         Reflect  .   (cloak currently unavailable)
rCorr    .         Harm     .   (gloves currently unavailable)
MR       .....                  (boots currently unavailable)
Stlth    +.........             (no amulet)
HPRegen  0.23/turn              (no ring)
MPRegen  0.10/turn              (no ring)

@: tree-form
A: permanent stasis, dig shafts and tunnels, four strong arms, dopey 1
a: Renounce Religion


You were on level 4 of the Dungeon.
You worshipped Xom.
You were a toy of Xom.
You were very hungry.
You were a tree.
You visited 1 branch of the dungeon, and saw 4 of its levels.

You collected 116 gold pieces.

Inventory:

Hand Weapons
 a - a +0 mace of chaos (weapon)
 b - a +0 whip of electrocution
Missiles
 e - 4 curare-tipped darts (quivered)
Armour
 g - a +1 pair of gloves (melded)
 j - a +2 leather armour (melded)
 k - a +0 pair of boots (melded)
 t - a +0 kite shield (worn)
Scrolls
 f - a scroll of blinking {unknown}
 i - a scroll of amnesia {unknown}
 n - a scroll of remove curse {unknown}
 o - 3 scrolls of fog {unknown}
 p - a scroll of teleportation {unknown}
 q - 2 scrolls of identify {unknown}
 s - a scroll of enchant armour {unknown}
 x - a scroll of immolation {unknown}
Potions
 d - a potion of lignification
 h - a potion of might {unknown}
 l - a potion of resistance {unknown}
 m - a potion of ambrosia {unknown}
 r - a potion of mutation {unknown}
 u - a potion of magic {unknown}
 w - a potion of curing {unknown}
 z - a potion of brilliance {unknown}
Comestibles
 c - 4 rations


   Skills:
 + Level 4.6 Fighting
 * Level 5.2 Maces & Flails
 + Level 3.8 Armour
 + Level 2.7 Dodging
 + Level 2.8 Shields


You had 6 spell levels left.
You didn't know any spells.
Your spell library was empty.

Dungeon Overview and Level Annotations

Branches:
Dungeon (4/15)
 Temple: D:4-7

Altars:
Fedhas
Gozag
Kikubaaqudgha
Okawaru
Qazlal
Wu Jian
Yredelemnul
Zin


Innate Abilities, Weirdness & Mutations

You cannot be hasted, slowed, berserked, paralysed or teleported.
You can dig through walls and to a lower floor.
Your four strong arms can wield two-handed weapons with a shield.
((You have a pair of large antennae on your head. (SInv)))
((You are partially covered in thin metallic scales. (AC +2)))
You are dopey. (Int -2)


Message History

Xom thinks this is hilarious!
You block the hound's attack.
You hit the hound. You freeze the hound.
The hound is heavily wounded.
The hound bites you but does no damage. x2
You barely miss the hound.
The hound is heavily wounded.
The hound bites you but does no damage. x2
You barely miss the hound.
The hound is heavily wounded.
You block the hound's attack. The hound bites you but does no damage.
You barely miss the hound.
The hound is heavily wounded.
You block the hound's attack. The hound bites you but does no damage.
You hit the hound. You burn the hound.
You kill the hound!
You barely miss the ogre.
The ogre is almost dead.
The ogre hits you with a +0 giant club!
You die...

# .....
#........#
##.#....
#.....#
........
###w###
.....##.
##.## .(.#.#
###...####.#
####.#
#w.........#
#.#
#.#...####.#
####.#
#O##.##
..##.#
##♣##.#
#.##.#
{####...#<#
#.##.#
.......#.#
#.##.#
###...#.###
.....#
###.....#
#<####
#.###.###.##
#.#
#.###......#
#.#
#.....###
#.# #.._..#


You could see an ogre (agile, resistant) and a worm.

Vanquished Creatures
  Eustachio (D:4)
  Menkaure (D:4)
  A vampire bat (D:3)
  A bullfrog skeleton (D:4)
  A hound (D:4)
  5 adders
  An ooze (D:2)
  A dart slug (D:3)
  2 leopard geckos
  3 orcs (D:3)
  3 bat skeletons (D:3)
  3 bat zombies (D:3)
  7 giant cockroaches
  3 hobgoblins
  12 jackals
  A quokka (D:3)
  A ball python (D:4)
  9 bats
  6 frilled lizards
  6 goblins
  A jackal skeleton (D:4)
  9 kobolds
  8 rats
86 creatures vanquished.

Notes
Turn   | Place    | Note
-------+----------+-------------------------------------------
     0 | D:1      | Lanoc the Formicid Chaos Knight began the quest for the
                  | Orb.
     0 | D:1      | Reached XP level 1. HP: 18/18 MP: 1/1
    58 | D:1      | Reached skill level 1 in Dodging
    91 | D:1      | XOM: divination: magic mapping
    93 | D:1      | Reached XP level 2. HP: 24/24 MP: 2/2
   136 | D:1      | XOM: silly message
   167 | D:1      | XOM: divination: detect items
   292 | D:1      | Reached XP level 3. HP: 21/29 MP: 3/3
   312 | D:1      | XOM: stat loss: -1 Dex (10/11)
   360 | D:1      | XOM: torment (14/29 hp)
   987 | D:2      | XOM: silly message
  1092 | D:2      | Reached XP level 4. HP: 37/37 MP: 4/4
  1114 | D:2      | Found a stormy altar of Qazlal.
  1492 | D:2      | Found a blossoming altar of Fedhas.
  1493 | D:2      | Found a basalt altar of Yredelemnul.
  1500 | D:2      | Found a glowing silver altar of Zin.
  1501 | D:2      | Found an iron altar of Okawaru.
  1676 | D:3      | Found a faded altar of an unknown god.
  1778 | D:3      | Reached skill level 4 in Maces & Flails
  1825 | D:3      | Found an ornate altar of the Wu Jian Council.
  1864 | D:3      | Reached XP level 5. HP: 42/42 MP: 5/5
  1944 | D:3      | Reached skill level 1 in Shields
  1951 | D:3      | Found an ancient bone altar of Kikubaaqudgha.
  2149 | D:3      | XOM: give mutations
  2149 | D:3      | Gained mutation: You are dopey. (Int -2) [Xom's mischief]
  2149 | D:3      | Gained mutation: You are partially covered in thin metallic
                  | scales. (AC +2) [Xom's mischief]
  2273 | D:4      | XOM: silly message
  2463 | D:4      | Reached XP level 6. HP: 48/48 MP: 6/6
  2477 | D:4      | Noticed Eustachio
  2500 | D:4      | Killed Eustachio
  2637 | D:4      | XOM: cloud trail
  2680 | D:4      | Found an opulent altar of Gozag.
  2793 | D:4      | Noticed Menkaure
  2801 | D:4      | Killed Menkaure
  2801 | D:4      | Reached skill level 5 in Maces & Flails
  2801 | D:4      | Reached XP level 7. HP: 23/55 MP: 7/7
  2981 | D:4      | XOM: enchant monster (bad)
  3006 | D:4      | Slain by an ogre

Illustrated notes

Levels and vault maps discovered:
D:1:      nicolae_arrival_memento_mori, layout_basic, moated_statue
D:2:      layout_rooms, lemuel_doored_altar, minitemple, first_ration,
          kennysheep_generic_room_16
D:3:      layout_rooms, marbit_many_paths, kennysheep_vampire_church,
          chequers_ecumenical_altar_simple_redux
D:4:      layout_loops_ring, nicolae_gozag_seed_capital, uniq_eustachio,
          uniq_menkaure

Skill      XL: |  1  2  3  4  5  6 |
---------------+-------------------+-----
Dodging        | 1 2 |  2.7
Maces & Flails | 4 5 |  5.2
Armour         | 3 |  3.8
Shields        | 1 2 |  2.8
Fighting       | 4 |  4.6

Action                   |  1- 3 |  4- 6 |  7- 9 || total
-------------------------+-------+-------+-------++-------
Melee: Mace              |   109 |   193 |    15 ||   317
  Use: Potion            |       |       |     1 ||     1
 Stab: Paralysed         |       |     1 |       ||     1
  Eat: Chunk             |     1 |     5 |       ||     6
Armor: Leather armour    |    59 |   111 |     2 ||   172
       Skin              |       |       |     6 ||     6
Dodge: Dodged            |    82 |   110 |     6 ||   198
Block: Buckler           |       |    17 |       ||    17
       Kite shield       |       |    59 |    10 ||    69

Table legend:
 A = Non-vault XP
 B = Vault XP
 C = Vault XP percentage of total XP
 D = Non-vault monster count
 E = Vault monster count
 F = Vault count percentage of total count
                 A         B        C        D         E       F
            +---------+---------+-------+---------+---------+-------
      Total |     269 |     431 |  61.6 |      75 |      11 |  12.8
            +---------+---------+-------+---------+---------+-------
        D:1 |      47 |       0 |   0.0 |      30 |       0 |   0.0
        D:2 |      43 |       1 |   2.3 |      15 |       1 |   6.2
        D:3 |      66 |      68 |  50.7 |      22 |       8 |  26.7
        D:4 |     113 |     362 |  76.2 |       8 |       2 |  20.0
            +---------+---------+-------+---------+---------+-------
